AoeStats
← Fluvialgeomorphologist

Black Forest

503323892Analyzed
4v4 RM · 1mo ago on Aug 31, 2026· 56m 50s· 8 players
Game mode
Random Map
Map size
Large (8 player)
Population
200
Speed
Normal
Resources
Standard
Victory
Conquest
Starting age
Dark Age
Ending age
Imperial Age
RankedLock teamsTeams togetherTeam positionsShared explorationLock speedFull tech treeHidden civsTurbo modeCheats
Victory
Defeat
🇺🇸 Bohemians · United States
962
+13
🇺🇸 Mongols · United States
928
+14
🇺🇸 Romans · United States
803
+20
🇺🇸 Khmer · United States
803
+20
🇺🇸 Bohemians · United States
930
-19
🇳🇿 Khmer · New Zealand
890
-17
🇵🇪 Turks · Peru
885
-17
🇺🇸 Khmer · United States
869
-16
Fluvialgeomorphologist
12:00 Feudal Age
10:15 Loom
15:54 Castle Age
14:09 Double-Bit Axe
14:07 Horse Collar
17:33 Wheelbarrow
17:03 Heavy Plow
17:15 Bow Saw
20:20 Fervor
25:18 Hand Cart
27:44 Chemistry
29:55 Imperial Age
28:38 Forging
28:30 Scale Mail Armor
28:31 Padded Archer Armor
28:22 Fletching
27:56 Pikeman
28:37 Squires
30:27 Caravan
30:14 Halberdier
33:12 Two-Man Saw
32:32 Houfnice
34:28 Ballistics
34:55 Conscription
34:43 Wagenburg Tactics
35:27 Iron Casting
35:08 Chain Mail Armor
38:37 Elite Skirmisher
39:25 Elite Hussite Wagon
40:37 Siege Engineers
40:54 Bombard Tower
40:30 Murder Holes
40:47 Masonry
40:17 Treadmill Crane
rampagingcarrot
1:09 Loom
13:50 Feudal Age
14:21 Fishing Lines
14:33 Double-Bit Axe
23:22 Castle Age
23:07 Gold Mining
24:12 Gillnets
24:36 Bow Saw
25:14 Gold Shaft Mining
27:55 Stone Mining
30:46 Imperial Age
29:14 Stone Shaft Mining
28:26 Horse Collar
37:56 Caravan
41:12 Double Crossbow
41:13 Tusk Swords
40:36 Heavy Scorpion
43:44 Bloodlines
43:34 Husbandry
42:56 Cavalier
43:18 Elite Skirmisher
44:45 Fletching
44:55 Padded Archer Armor
45:15 Masonry
46:37 Bodkin Arrow
46:58 Leather Archer Armor
46:56 Forging
46:52 Scale Barding Armor
47:49 Bracer
48:25 Iron Casting
47:50 Scale Mail Armor
alavin alaban
1:18 Loom
13:09 Feudal Age
14:02 Double-Bit Axe
24:18 Castle Age
24:43 Fishing Lines
25:18 Bow Saw
25:48 Gillnets
27:52 Wheelbarrow
29:35 Gold Mining
34:26 Hand Cart
33:56 Town Watch
34:48 Fletching
34:59 Padded Archer Armor
38:01 Gold Shaft Mining
37:21 Stone Mining
40:19 Imperial Age
38:48 Sipahi
40:30 Ballistics
39:52 Treadmill Crane
40:23 Masonry
40:09 Murder Holes
44:11 Bombard Tower
44:22 Artillery
On_Codeine
0:29 Loom
15:38 Feudal Age
16:51 Double-Bit Axe
18:06 Horse Collar
20:36 Wheelbarrow
25:39 Castle Age
27:41 Hand Cart
29:16 Bow Saw
29:14 Heavy Plow
30:04 Fortified Wall
31:02 Gold Mining
32:33 Gold Shaft Mining
35:58 Stone Mining
40:11 Imperial Age
37:46 Husbandry
37:56 Bloodlines
39:43 Tusk Swords
39:57 Scale Barding Armor
40:02 Forging
40:41 Caravan
40:36 Elite Battle Elephant
41:41 Chain Barding Armor
42:09 Iron Casting
42:17 Crop Rotation
42:53 Conscription
43:26 Plate Barding Armor
44:56 Blast Furnace
Skipperdoo
0:46 Loom
14:30 Feudal Age
19:57 Castle Age
18:13 Double-Bit Axe
18:19 Horse Collar
21:31 Pikeman
28:16 Wheelbarrow
29:47 Chemistry
28:30 Treadmill Crane
29:33 Padded Archer Armor
30:46 Heavy Plow
31:08 Bow Saw
33:58 Imperial Age
31:54 Fervor
32:48 Hand Cart
34:04 Houfnice
38:06 Two-Man Saw
37:23 Wagenburg Tactics
37:39 Conscription
38:05 Leather Archer Armor
37:41 Fletching
37:36 Pikeman
38:16 Squires
38:21 Scale Mail Armor
40:01 Caravan
45:04 Halberdier
47:43 Forging
49:56 Chain Mail Armor
50:17 Iron Casting
51:09 Plate Mail Armor
lordgrometh
11:07 Feudal Age
16:06 Castle Age
13:59 Double-Bit Axe
17:37 Bow Saw
19:28 Fishing Lines
24:13 Horse Collar
29:30 Wheelbarrow
29:32 Loom
30:01 Heavy Plow
29:58 Gold Mining
29:58 Stone Mining
29:58 Gold Mining
30:42 Hand Cart
31:29 Fletching
31:39 Padded Archer Armor
34:13 Imperial Age
32:12 Caravan
32:42 Nomads
35:54 Conscription
35:56 Drill
34:57 Elite Mangudai
35:00 Onager
36:31 Hoardings
35:54 Bodkin Arrow
36:14 Leather Archer Armor
37:57 Gold Shaft Mining
37:57 Stone Shaft Mining
37:25 Siege Onager
38:54 Bracer
38:39 Capped Ram
40:28 Bloodlines
40:19 Husbandry
40:23 Siege Ram
43:57 Chemistry
43:18 Ballistics
43:05 Siege Engineers
flank steak
0:27 Loom
13:00 Feudal Age
18:07 Castle Age
16:04 Double-Bit Axe
17:49 Bloodlines
17:30 Fishing Lines
33:13 Imperial Age
31:13 Husbandry
31:52 Bow Saw
32:07 Gillnets
33:23 Tusk Swords
35:01 Ballistics
35:42 Chemistry
34:53 Fletching
35:13 Forging
35:09 Scale Barding Armor
35:56 Horse Collar
36:18 Bodkin Arrow
36:25 Padded Archer Armor
36:35 Siege Engineers
37:02 Double Crossbow
38:54 Bracer
39:10 Leather Archer Armor
39:32 Iron Casting
39:17 Chain Barding Armor
40:28 Caravan
41:07 Gold Mining
41:21 Heavy Plow
44:01 Gold Shaft Mining
44:00 Elite Battle Elephant
47:56 Heavy Scorpion
56:50 Elite Ballista Elephant
Puff_Sullivan
0:25 Loom
14:33 Feudal Age
20:20 Castle Age
18:22 Horse Collar
18:31 Double-Bit Axe
20:16 Wheelbarrow
21:40 Bow Saw
30:14 Gold Mining
30:18 Stone Mining
30:33 Heavy Plow
30:57 Scale Mail Armor
30:50 Fletching
31:11 Forging
31:22 Ballistas
32:30 Gold Shaft Mining
35:51 Imperial Age
35:03 Ballistics
34:53 Fortified Wall
37:38 Chemistry
36:45 Siege Engineers
37:45 Murder Holes
38:02 Masonry
38:22 Conscription
38:38 Chain Mail Armor
44:09 Hand Cart
44:28 Architecture
44:36 Iron Casting
43:56 Bodkin Arrow
43:39 Heavy Scorpion
47:04 Blast Furnace
46:10 Padded Archer Armor
46:16 Scale Barding Armor
Connection lost

Rejoining the realm…

Still unreachable

The connection could not be restored.

Session expired

The server has moved on; the page needs a fresh start.